Map: Newkirk Precinct TE (Void)

Players

Brando - Winner!

  • Race: Zerg Zerg
  • League: Diamond
  • Spawn Location: 7:00

Trizztein

  • Race: Terran Terran
  • League: Diamond
  • Spawn Location: 5:00

VOD

Have the link to the VOD?

Description

Time

  • Played on: Dec. 16, 2016, 11:01 a.m.
  • Length: 17:34
Show
View Real Time Build Order
Export as new Build Order

Brando Zerg - Winner!

Build Orders: Hatch First 

Get SALT Encoding   

  12  0:01  Drone  
  13  0:10  Drone  
  14  0:19  Overlord  
  14  0:25  Extractor  
  14  0:26  Drone  
  15  0:37  Drone x2  
  17  0:44  Drone  
  18  0:58  Hatchery  
  18  1:04  Extractor, Drone  
  17  1:17  Spawning Pool  
  16  1:21  Drone  
  16  1:23  Drone  
  18  1:32  Drone  
  19  1:41  Overlord  
  19  2:03  Queen  
  19  2:04  Metabolic Boost  
  19  2:06  Zergling x4  
  23  2:10  Queen  
  25  2:19  Drone x2  
  27  2:28  Drone  
  27  2:29  Drone  
  29  2:38  Drone x2  
  29  2:42  Drone  
  29  2:43  Drone  
  33  2:55  Drone  
  33  2:56  Drone  
  35  2:59  Hatchery  
  35  3:04  Roach Warren  
  33  3:05  Drone  
  33  3:08  Drone  
  35  3:14  Drone  
  35  3:16  Overlord  
  36  3:21  Overlord  
  36  3:25  Extractor  
  36  3:26  Drone  
  36  3:30  Spine Crawler  
  35  3:37  Drone x4  
  35  3:39  Zergling x2  
  38  3:42  Zergling x2  
  38  3:47  Zergling x2  
  40  3:49  Zergling x2  
  41  3:56  Drone x3  
  41  4:01  Drone  
  45  4:03  Drone  
  46  4:11  Drone  
  46  4:14  Roach x3  
  53  4:21  Roach  
  53  4:22  Roach  
  57  4:26  Overlord  
  57  4:27  Overlord  
  57  4:36  Drone  
  57  4:37  Spore Crawler  
  57  4:40  Spore Crawler, Queen  
  57  4:41  Overlord  
  58  4:51  Spore Crawler  
  57  4:52  Spore Crawler  
  57  4:53  Spore Crawler, Drone x2  
  57  4:57  Drone  
  57  4:58  Drone x3  
  61  5:03  Queen  
  61  5:06  Spore Crawler  
  63  5:07  Drone x2  
  63  5:13  Lair  
  64  5:16  Drone  
  64  5:17  Drone  
  64  5:18  Drone  
  64  5:19  Extractor  
  66  5:23  Spore Crawler  
  65  5:32  Drone x7  
  65  5:34  Drone  
  73  5:40  Spore Crawler  
  72  5:46  Roach  
  74  6:04  Spore Crawler  
  74  6:05  Overlord  
  74  6:06  Drone  
  74  6:08  Overlord  
  74  6:15  Spire, Overlord  
  74  6:17  Drone  
  74  6:22  Drone, Extractor x2  
  74  6:23  Drone  
  74  6:24  Drone x8  
  82  6:27  Drone x3  
  82  6:30  Drone  
  82  6:31  Extractor  
  85  6:37  Drone  
  85  6:38  Drone  
  87  6:45  Drone  
  87  6:46  Drone x5  
  91  6:54  Pneumatized Carapace  
  91  7:02  Overlord  
  91  7:03  Overlord x3  
  91  7:12  Drone x2  
  91  7:13  Evolution Chamber  
  91  7:14  Evolution Chamber  
  91  7:20  Hatchery  
  91  7:21  Overlord  
  84  7:38  Mutalisk  
  84  7:39  Mutalisk x13  
  84  7:42  Mutalisk  
  113  7:50  Zerg Flyer Weapons Level 1  
  113  7:53  Zergling x10  
  118  8:00  Mutalisk  
  118  8:04  Overseer  
  120  8:09  Overseer  
  120  8:10  Mutalisk  
  120  8:12  Zergling x20  
  132  8:19  Zerg Melee Weapons Level 1  
  132  8:26  Zerg Ground Armor Level 1  
  132  8:28  Zergling x2  
  132  8:29  Zergling x8  
  132  8:30  Zergling x2  
  132  8:32  Zergling x4  
  132  8:33  Zergling x2  
  141  8:36  Zergling x2  
  141  8:37  Zergling x4  
  141  8:39  Overlord  
  144  9:01  Zergling x2  
  144  9:02  Zergling x16  
  108  9:34  Mutalisk  
  108  9:35  Mutalisk x8  
  120  9:44  Zerg Flyer Armor Level 1  
  107  9:47  Zergling x12  
  107  9:48  Zergling x16  
  119  9:59  Drone  
  121  10:00  Drone x3  
  121  10:05  Queen  
  125  10:16  Overlord x2  
  125  10:23  Infestation Pit  
  125  10:24  Overlord  
  122  10:29  Roach  
  122  10:30  Roach x5  
  124  10:40  Roach  
  124  10:41  Roach x8  
  141  10:43  Roach  
  141  10:44  Roach  
  141  10:45  Zerg Ground Armor Level 2, Zerg Missile Weapons Level 1  
  141  10:54  Roach  
  141  10:55  Roach x3  
  141  10:56  Roach  
  149  11:00  Extractor  
  149  11:02  Extractor, Drone  
  149  11:03  Drone x3  
  146  11:09  Roach  
  146  11:10  Roach x5  
  145  11:27  Roach  
  145  11:28  Roach x9  
  163  11:36  Roach  
  163  11:37  Roach x5  
  175  11:48  Roach  
  167  12:01  Roach x10  
  157  12:06  Hive  
  159  12:22  Roach x4  
  173  12:23  Roach x3  
  173  12:29  Overlord x2  
  173  12:30  Overlord  
  173  12:33  Hatchery, Ravager  
  173  12:34  Ravager x3  
  176  12:37  Overlord  
  176  12:38  Overlord x4  
  176  12:50  Roach  
  176  12:51  Roach x7  
  193  12:55  Glial Reconstitution  
  192  12:59  Roach  
  192  13:00  Roach x2  
  198  13:10  Ravager x2  
  200  13:19  Hatchery, Ravager  
  200  13:48  Zerg Missile Weapons Level 2  
  200  13:51  Zerg Ground Armor Level 3  
  200  14:17  Hatchery  
  191  14:51  Ravager x4  
  191  14:52  Ravager x4  
  192  15:00  Ravager x5  
  192  15:01  Ravager x4  
  192  15:03  Ravager  
  192  15:06  Roach  
  108  15:44  Roach  
  108  15:45  Roach x23  
  108  15:46  Roach x18  
  190  16:07  Extractor  
  190  16:08  Roach  
  190  16:09  Roach x4  
  199  16:13  Ravager, Extractor  
  199  16:14  Ravager  
  200  16:28  Spore Crawler  
  200  16:29  Spore Crawler  
  200  16:30  Spore Crawler  
  200  16:31  Spore Crawler  
  200  16:32  Drone x4  
Show
View Real Time Build Order
Export as new Build Order

Trizztein Terran 

Build Orders: Reaper Expand, Hellion Banshee 

Get SALT Encoding   

  12  0:00  SCV  
  13  0:12  SCV  
  14  0:23  Supply Depot  
  14  0:25  SCV  
  15  0:45  SCV  
  15  0:46  Barracks  
  16  0:50  Refinery  
  16  0:57  SCV  
  17  1:09  SCV  
  18  1:21  SCV  
  19  1:35  Reaper, Orbital Command  
  20  1:44  Command Center  
  20  1:53  Supply Depot  
  20  2:00  SCV  
  21  2:07  Marine  
  22  2:11  Factory  
  22  2:18  SCV  
  22  2:19  Refinery  
  23  2:30  SCV  
  23  2:31  Barracks Reactor  
  23  2:42  SCV  
  24  2:55  Starport, SCV  
  25  2:59  Orbital Command  
  25  3:07  SCV  
  28  3:13  Hellion x2  
  28  3:15  Orbital Command  
  28  3:19  SCV  
  31  3:22  Supply Depot  
  31  3:31  SCV  
  31  3:32  Starport Tech Lab  
  32  3:41  SCV  
  32  3:43  SCV  
  32  3:47  Hellion x2  
  38  3:53  SCV, Banshee  
  38  3:55  SCV  
  43  3:56  Cloaking Field  
  43  4:05  Armory  
  43  4:06  SCV  
  44  4:10  SCV  
  44  4:16  Supply Depot  
  45  4:18  SCV  
  45  4:21  Supply Depot  
  45  4:22  SCV  
  47  4:30  SCV  
  48  4:35  SCV  
  49  4:39  Command Center  
  49  4:43  Supply Depot  
  49  4:44  SCV  
  50  4:47  SCV, Refinery  
  50  4:48  Refinery  
  50  4:51  Barracks Reactor  
  51  4:55  Supply Depot  
  51  4:56  SCV  
  51  4:58  Hellion x2  
  51  4:59  SCV  
  57  5:02  Banshee  
  60  5:08  SCV  
  61  5:15  SCV  
  61  5:20  SCV  
  63  5:27  SCV  
  64  5:28  Factory  
  64  5:29  Factory  
  64  5:36  SCV  
  64  5:39  SCV  
  66  5:43  Cyclone x2  
  66  5:45  Barracks Reactor  
  66  5:46  Engineering Bay  
  66  5:48  SCV, Supply Depot  
  66  5:49  Supply Depot  
  73  5:51  SCV  
  75  6:00  SCV, Orbital Command  
  75  6:03  SCV  
  76  6:07  Raven  
  78  6:13  SCV  
  78  6:15  Factory Tech Lab, SCV  
  80  6:18  Cyclone x2  
  80  6:23  Supply Depot  
  80  6:25  SCV, Supply Depot  
  87  6:32  Missile Turret  
  87  6:39  Missile Turret  
  87  6:42  SCV x2  
  89  6:50  Orbital Command  
  89  6:53  Cyclone x2  
  95  6:54  SCV x2  
  95  6:55  Supply Depot  
  95  6:56  Supply Depot  
  95  7:00  Terran Vehicle Weapons Level 1  
  97  7:01  Refinery  
  97  7:02  Hellion x2  
  97  7:05  Refinery  
  101  7:10  SCV  
  101  7:12  SCV  
  103  7:18  SCV  
  103  7:22  SCV  
  105  7:24  SCV  
  106  7:30  SCV  
  106  7:34  SCV  
  106  7:36  SCV  
  109  7:40  Hellion x3  
  109  7:41  Thor  
  109  7:42  SCV  
  122  7:46  Missile Turret  
  122  7:47  SCV  
  122  7:48  SCV  
  122  7:49  Missile Turret  
  122  7:50  Missile Turret  
  124  7:53  Missile Turret  
  124  7:54  SCV  
  124  7:55  Supply Depot, Missile Turret  
  124  7:56  Supply Depot  
  125  7:59  Armory  
  125  8:03  Factory  
  125  8:04  Hellion x2  
  129  8:05  Starport Reactor  
  129  8:11  Missile Turret  
  129  8:19  Cyclone x2  
  135  8:26  Command Center  
  135  8:31  Supply Depot  
  135  8:32  Supply Depot  
  135  8:34  Factory  
  135  8:37  Thor  
  135  8:39  Refinery  
  141  8:46  Refinery  
  141  8:48  Terran Vehicle And Ship Armor Level 1  
  141  8:49  Cyclone x2  
  142  8:59  Supply Depot  
  137  9:03  Supply Depot  
  137  9:05  Missile Turret  
  137  9:09  Missile Turret  
  130  9:13  Missile Turret  
  130  9:14  Hellion x3  
  128  9:24  Thor  
  85  9:45  Thor  
  74  10:05  Hellion  
  74  10:06  Thor  
  82  10:09  Missile Turret x3  
  82  10:14  Orbital Command  
  82  10:18  Planetary Fortress  
  82  10:21  Missile Turret  
  82  10:22  Missile Turret  
  82  10:36  SCV x2  
  82  10:41  SCV  
  85  10:48  SCV x2  
  73  10:53  SCV  
  73  10:56  Hellion  
  73  10:57  Hellion x2  
  78  10:59  Hellion x2  
  78  11:00  SCV x2  
  84  11:05  SCV, Orbital Command  
  85  11:12  SCV x2  
  85  11:15  Terran Vehicle Weapons Level 2  
  83  11:26  Hellion  
  83  11:27  Hellion x2, Cyclone x2  
  83  11:31  SCV x2  
  96  11:35  Missile Turret  
  96  11:37  Missile Turret  
  96  11:38  Missile Turret  
  96  11:41  Thor  
  96  11:42  Missile Turret  
  99  11:52  Cyclone x3  
  101  12:01  Cyclone x2  
  101  12:05  Cyclone  
  107  12:12  SCV x3  
  110  12:24  SCV x2  
  110  12:25  SCV  
  110  12:27  Missile Turret  
  113  12:32  Thor  
  113  12:33  Hellion x2  
  113  12:36  SCV x2  
  126  12:37  SCV  
  126  12:38  Hellion  
  126  12:42  Hellion x2  
  126  12:43  Hellion  
  134  12:46  Cyclone  
  134  12:48  Terran Vehicle And Ship Armor Level 2, SCV  
  138  12:58  Hellion x2  
  142  13:06  SCV x3  
  142  13:08  Hellion x2, Cyclone  
  142  13:09  Cyclone  
  155  13:18  SCV  
  156  13:23  Hellion  
  156  13:26  Missile Turret  
  164  13:29  Siege Tank  
  161  13:38  Hellion x5, Siege Tank  
  158  13:50  Command Center  
  158  13:51  Terran Vehicle Weapons Level 3  
  158  13:52  Command Center  
  158  14:01  Cyclone, Siege Tank  
  158  14:02  Cyclone x2  
  170  14:06  Cyclone  
  173  14:10  Siege Tank  
  173  14:16  Cyclone  
  179  14:17  Viking  
  179  14:22  Starport  
  175  14:35  Infernal Pre-Igniter  
  158  14:54  Missile Turret  
  158  14:56  Missile Turret  
  158  14:57  Missile Turret  
  112  15:36  Cyclone x3  
  112  15:37  Siege Tank x2  
  112  15:38  Viking x2  
  95  15:51  Liberator x2, SCV x3  
  98  16:02  Refinery  
  96  16:06  Planetary Fortress  
  96  16:08  Cyclone  
  96  16:09  Siege Tank x2  
  111  16:16  Refinery  
  111  16:17  Refinery  
  111  16:20  Hellion  
  111  16:21  Hellion x3  
  111  16:22  Hellion  
  121  16:34  Liberator  
  121  16:40  Starport Reactor  
  121  16:41  Siege Tank  
  99  17:01  Cyclone  
  99  17:02  Hellion x2, Cyclone x2  
  99  17:03  Hellion  
  92  17:15  SCV  
  92  17:16  SCV x2  
Tags
 
Add a new tag
Caveats
  • Supply blocks, unpowered buildings, or Contaminate may cause inaccurate times.
  • Supply counts are checked every 10 seconds.